Map: Polka LE

Players

qqq - Winner!

  • Race: Zerg Zerg
  • Spawn Location: 5:00

Massa - Winner!

  • Race: Terran Terran
  • League: Platinum
  • Spawn Location: 5:00

Camil

  • Race: Terran Terran
  • Spawn Location: 11:00

Jin

  • Race: Protoss Protoss
  • Spawn Location: 11:00

VOD

Have the link to the VOD?

Description

Time

  • Played on: Oct. 25, 2020, 7:05 a.m.
  • Length: 6:36
Show
View Real Time Build Order
Export as new Build Order

qqq Zerg - Winner!

Build Orders: Hatch First, Zergling Baneling 

Get SALT Encoding   

  12  0:01  Drone  
  13  0:08  Drone  
  14  0:37  Hatchery  
  13  0:45  Drone  
  14  0:57  Spawning Pool  
  14  1:03  Overlord  
  13  1:08  Drone  
  14  1:17  Extractor  
  14  1:18  Drone  
  14  1:24  Drone  
  15  1:48  Queen  
  15  1:49  Drone x3  
  15  1:50  Drone  
  21  2:03  Drone  
  21  2:04  Drone  
  21  2:07  Queen  
  25  2:12  Drone  
  25  2:14  Drone  
  27  2:21  Overlord  
  27  2:28  Drone  
  27  2:50  Zergling x4  
  29  2:51  Metabolic Boost  
  29  2:55  Drone x3  
  32  3:00  Drone, Zergling x4  
  32  3:01  Zergling x2  
  36  3:05  Baneling Nest  
  36  3:12  Drone  
  36  3:16  Overlord  
  36  3:17  Overlord  
  36  3:26  Overlord  
  36  3:34  Zergling x2  
  36  3:35  Zergling x4  
  36  3:36  Zergling x4  
  41  3:48  Zergling x2  
  41  3:49  Zergling x6  
  45  4:01  Zergling x4  
  45  4:02  Zergling x4  
  49  4:12  Zergling x4  
  49  4:13  Zergling x4  
  53  4:17  Baneling x4  
  53  4:18  Baneling x4  
  53  4:23  Spore Crawler  
  52  4:25  Spore Crawler  
  52  4:28  Drone x2  
  49  4:57  Zergling x6  
  49  4:58  Zergling x10  
  53  5:21  Zergling x4  
  53  5:22  Zergling x6  
  55  5:46  Zergling x10  
Show
View Real Time Build Order
Export as new Build Order

Massa Terran - Winner!

Build Orders: Reaper Expand 

Get SALT Encoding   

  12  0:00  SCV  
  13  0:12  SCV  
  14  0:23  Supply Depot  
  14  0:24  SCV  
  15  0:36  Refinery  
  15  0:45  SCV  
  15  0:47  Barracks  
  17  0:57  SCV  
  17  1:09  SCV  
  18  1:21  SCV  
  19  1:46  Orbital Command  
  19  1:47  Reaper  
  19  1:52  Command Center  
  20  2:02  Factory  
  20  2:14  SCV, Supply Depot  
  21  2:24  Marine  
  22  2:49  Factory Tech Lab  
  22  2:50  Barracks Reactor  
  22  2:52  Barracks Reactor  
  22  2:55  SCV  
  23  3:03  Refinery  
  23  3:07  Starport  
  23  3:08  SCV  
  24  3:14  Orbital Command  
  24  3:20  SCV  
  24  3:23  Widow Mine  
  27  3:30  Marine x2  
  27  3:32  SCV  
  30  3:44  Widow Mine  
  32  3:48  Marine x2  
  34  3:57  Medivac  
  34  4:00  SCV x2  
  38  4:12  SCV x2  
  39  4:24  SCV  
  39  4:28  Engineering Bay  
  38  4:40  SCV x2  
  40  4:49  Marine x2  
  40  4:52  SCV x2, Medivac  
  46  4:57  Missile Turret  
  46  5:00  Missile Turret  
  46  5:04  Missile Turret  
  46  5:14  Supply Depot  
  46  5:15  Supply Depot  
  46  5:16  Supply Depot  
  46  5:35  SCV x2, Marine x2, Siege Tank  
  51  5:37  Supply Depot  
  51  5:39  Supply Depot  
  53  5:45  Medivac  
  53  5:47  SCV x2  
  57  5:52  Barracks  
  57  5:53  Marine x2, Command Center  
  57  5:54  Barracks  
  59  5:57  Armory  
  59  6:00  SCV  
  60  6:11  Marine x2  
Show
View Real Time Build Order
Export as new Build Order

Camil Terran 

Build Orders: 2 Factory 

Get SALT Encoding   

  12  0:01  SCV  
  13  0:17  Supply Depot  
  13  0:25  SCV  
  14  0:37  SCV  
  15  0:42  Barracks  
  15  0:49  Refinery, SCV  
  16  1:01  SCV  
  17  1:13  SCV  
  18  1:25  SCV  
  19  1:27  Refinery  
  19  1:30  Marine  
  20  1:45  Supply Depot  
  20  1:48  Orbital Command  
  20  2:09  Marine  
  20  2:11  Command Center  
  20  2:12  Supply Depot  
  21  2:23  SCV  
  22  2:42  Factory  
  23  2:44  SCV  
  23  2:54  Marine  
  23  2:55  Engineering Bay  
  24  3:08  SCV  
  24  3:11  Marine  
  26  3:14  Factory  
  26  3:20  SCV  
  27  3:29  Marine  
  27  3:30  SCV  
  27  3:32  SCV  
  27  3:33  Factory Tech Lab  
  30  3:41  Missile Turret  
  30  3:48  Marine  
  30  4:06  Marine  
  31  4:17  Orbital Command  
  31  4:20  Factory Reactor  
  31  4:21  Siege Tank  
  34  4:26  Marine  
  35  4:37  SCV  
  36  4:39  Missile Turret  
  36  4:44  Marine  
  37  4:46  SCV, Armory  
  37  4:47  Starport, Armory  
  37  4:49  SCV  
  32  5:01  Missile Turret  
  35  5:07  Orbital Command  
  22  5:41  Hellion  
  24  5:48  Hellion  
  26  6:03  Hellion  
  28  6:15  Hellion  
  28  6:16  Marine  
Show
View Real Time Build Order
Export as new Build Order

Jin Protoss 

Build Orders: Oracle Opening 

Get SALT Encoding   

  12  0:00  Probe  
  14  0:14  Probe  
  14  0:22  Pylon  
  14  0:26  Probe  
  15  0:40  Probe (Chrono Boost), Gateway  
  16  0:51  Assimilator  
  16  0:52  Probe (Chrono Boost)  
  17  0:59  Assimilator  
  17  1:00  Probe (Chrono Boost)  
  18  1:12  Probe  
  19  1:24  Probe  
  20  1:36  Probe  
  21  1:45  Nexus  
  21  1:50  Cybernetics Core  
  21  2:00  Probe  
  22  2:03  Pylon  
  22  2:14  Probe  
  23  2:30  Stargate  
  23  2:36  Probe  
  23  2:46  Stargate  
  23  2:50  Probe (Chrono Boost)  
  24  2:58  Protoss Air Weapons Level 1 (Chrono Boost)  
  24  3:02  Probe (Chrono Boost)  
  24  3:03  Probe (Chrono Boost)  
  26  3:06  Shield Battery  
  26  3:08  Probe x2 (Chrono Boost)  
  26  3:11  Oracle (Chrono Boost)  
  31  3:21  Shield Battery  
  31  3:23  Probe  
  31  3:26  Probe  
  33  3:35  Probe  
  33  3:38  Probe  
  35  3:48  Probe  
  36  3:50  Probe  
  37  3:57  Assimilator  
  37  4:00  Probe, Assimilator  
  37  4:02  Probe  
  39  4:09  Phoenix x2  
  43  4:12  Probe  
  43  4:14  Probe  
  45  4:24  Probe  
  46  4:41  Pylon  
  46  4:44  Pylon  
  46  4:46  Pylon  
  46  4:59  Probe  
  51  5:04  Phoenix (Chrono Boost)  
  47  5:13  Pylon  
  45  5:14  Pylon  
  45  5:16  Oracle (Chrono Boost), Pylon  
  47  5:32  Oracle (Chrono Boost)  
  49  5:51  Shield Battery  
  49  5:52  Shield Battery  
  37  6:23  Probe x2  
Tags
 
Add a new tag
Caveats
  • Supply blocks, unpowered buildings, or Contaminate may cause inaccurate times.
  • Supply counts are checked every 10 seconds.